 Dungeon Crawl Stone Soup version 0.29.0-10-g45618ea6d2 (webtiles) character file.

Game seed: 15570379630878994076

112744 Plorgh the Acrobat (level 16, 0/129 (138) HPs)
             Began as a Merfolk Ice Elementalist on Sept 1, 2022.
             Was a Believer of Ashenzari.
             Slain by an entropy weaver simulacrum (38 damage)
             ... on level 2 of the Spider Nest.
             The game lasted 01:35:52 (29125 turns).

Plorgh the Acrobat (Merfolk Ice Elementalist)      Turns: 29125, Time: 01:35:52

HP:   0/129 (138)   AC:  6    Str: 16    XL:     16   Next: 61%
MP:   39/39         EV: 22    Int: 21    God:    Ashenzari [**....]
Gold: 4029          SH:  0    Dex: 13    Spells: 14/35 levels left

rFire   + . .      SeeInvis +   q - +7 scythe (venom)
rCold   . . .      Faith    .   (shield currently unavailable)
rNeg    . . .      Spirit   .   D - +4 leather armour "Xemi" {rPois MP+9 Str+7 Stlth-}
rPois   +          Reflect  .   (helmet restricted)
rElec   .          Harm     .   B - +2 cloak {Will+}
rCorr   .          Rampage  .   l - +1 pair of gloves
Will    ++...      Clarity  +   I - +2 pair of boots "Gaze Upon Infinity" {Fly, Melee, Bglg} (curse)
Stlth   +.........              Q - amulet of Vitality {RegenMP++ Regen++}
HPRegen 1.91/turn               s - ring of Ashenzari's Cynicism {rF+, Alch, Self} (curse)
MPRegen 1.06/turn               C - ring "Per Aspera Ad Scientiam" {Wiz, Fort, Melee} (curse)

@: corroded, flying, drained
A: (nimble swimmer 2), mertail, antennae 1, iridescent scales 1, clarity, clumsy
1, sturdy frame 1
a: Renounce Religion, Curse Item, Shatter the Chains


You were on level 2 of the Spider Nest.
You worshipped Ashenzari.
Ashenzari was pleased with you.
You visited 5 branches of the dungeon, and saw 25 of its levels.
You also visited: Ossuary and Bailey.

You collected 5289 gold pieces.
You spent 1260 gold pieces at shops.

Inventory:

Hand Weapons
 q - a +7 scythe of venom (weapon)
 Z - a +0 bardiche
Armour
 l - a +1 pair of gloves (worn)
 B - a +2 cloak of willpower (worn)
 D - the +4 leather armour "Xemi" (worn) {rPois MP+9 Str+7 Stlth-}
   (You found it on level 5 of the Dungeon)

   Str:       It affects your strength (+7).
   rPois:     It protects you from poison.
   MP:        It affects your magic capacity (+9).
   Stlth:     It makes you less stealthy.
 I - the cursed +2 pair of boots "Gaze Upon Infinity" (worn) {Fly, Melee, Bglg}
   (You found it in a bailey)

   It has a curse which improves the following skills: Melee Combat: Short
   Blades, Long Blades, Axes, Maces & Flails, Polearms, Staves and Unarmed
   Combat.
   Beguiling: Conjurations, Hexes and Translocations.
Jewellery
 s - the cursed ring of Ashenzari's Cynicism (left hand) {rF+, Alch, Self}
   (You found it on level 2 of the Dungeon)

   [ring of protection from fire]

   rF:        It protects you from fire.
   It has a curse which improves the following skills: Alchemy: Poison Magic and
   Transmutations.
   Introspection: Fighting and Spellcasting.
 t - an amulet of the acrobat
 C - the cursed ring "Per Aspera Ad Scientiam" (right hand) {Wiz, Fort, Melee}
   (You found it on level 5 of the Dungeon)

   [ring of wizardry]

   It improves your spell success rate.
   It has a curse which improves the following skills: Fortitude: Armour and
   Shields.
   Melee Combat: Short Blades, Long Blades, Axes, Maces & Flails, Polearms,
   Staves and Unarmed Combat.
 F - a ring of fire
 O - a ring of ice
 P - a ring of fire
 Q - the amulet of Vitality (around neck) {RegenMP++ Regen++}
   (You found it on level 10 of the Dungeon)

   [amulet of magic regeneration]

   It increases your rate of magic regeneration.
   Regen:     It increases your rate of health regeneration.
 S - a ring of protection from fire
 V - a +4 ring of protection
 W - a ring of protection from fire
Wands
 c - a wand of flame (51) (quivered)
 e - a wand of polymorph (18)
 K - a wand of iceblast (3)
 M - a wand of quicksilver (7)
 X - a wand of mindburst (24)
Scrolls
 a - a scroll of torment
 i - 3 scrolls of fear
 k - 4 scrolls of magic mapping
 m - 7 scrolls of fog
 n - 8 scrolls of teleportation
 u - 3 scrolls of noise
 v - 3 scrolls of blinking
 y - 7 scrolls of vulnerability
 E - 2 scrolls of amnesia
 H - 4 scrolls of poison
 J - a scroll of silence
 L - 4 scrolls of immolation
Potions
 b - 3 potions of magic
 d - 11 potions of curing
 f - 6 potions of mutation
 g - 2 potions of ambrosia
 h - 5 potions of might
 j - 5 potions of haste
 o - 2 potions of heal wounds
 r - 2 potions of berserk rage
 w - 3 potions of attraction
 x - 3 potions of cancellation
 z - 8 potions of brilliance
 A - 4 potions of resistance
 U - 6 potions of lignification
 Y - 3 potions of invisibility
Miscellaneous
 N - a lightning rod (4/4)
 R - a tin of tremorstones (2/2)
 T - a box of beasts (inert)


   Skills:
 - Level 14.8(16.0) Fighting
 - Level 14.2(16.0) Polearms
 - Level 2.9(4.0) Armour
 - Level 21.0 Dodging
 - Level 3.0 Stealth
 - Level 8.7(10.0) Spellcasting
 - Level 6.7(8.0) Conjurations
 - Level 3.8(5.0) Transmutations
 + Level 16.6 Ice Magic
 - Level 3.0 Air Magic


You had 14 spell levels left.
You knew the following spells:

 Your Spells              Type           Power      Damage    Failure   Level
a - Freeze                Ice            100%       1d11      0%          1
b - Frozen Ramparts       Ice            100%       1d16      0%          3
c - Ozocubu's Armour      Ice            69%        N/A       0%          3
d - Hailstorm             Conj/Ice       58%        3d13      1%          4
e - Wereblood             Tmut           31%        N/A       1%          2
f - Freezing Cloud        Conj/Ice/Air   24%        6-21      1%          5
g - Stone Arrow           Conj/Erth      54%        3d10      1%          3

Your spell library contained the following spells:

 Spells                   Type           Power      Damage    Failure   Level
 Beastly Appendage        Tmut           62%        N/A       1%          1
 Magic Dart               Conj           100%       1d8       1%          1
 Searing Ray              Conj           88%        2d7       1%          2
 Conjure Flame            Conj/Fire      27%        6-21      1%          3
 Spider Form              Tmut/Pois      21%        N/A       2%          3
 Iskenderun's Battlesphe  Conj           44%        2d10      2%          5
 Scorch                   Fire           20%        2d6       4%          2
 Ignite Poison            Fire/Tmut/Pois 17%        N/A       4%          3
 Flame Wave               Conj/Fire      27%        2d9       5%          4
 Fulminant Prism          Conj/Hex       13%        3d9       5%          4
 Sticky Flame             Conj/Fire      27%        2d5       5%          4
 Irradiate                Conj/Tmut      18%        3d17      5%          5
 Confusing Touch          Hex            11%        N/A       8%          3
 Gell's Gravitas          Tloc           11%        N/A       8%          3
 Lesser Beckoning         Tloc           11%        N/A       8%          3
 Teleport Other           Tloc           11%        N/A       8%          3
 Summon Guardian Golem    Hex/Summ       10%        N/A       9%          3
 Blade Hands              Tmut           15%        N/A       10%         5
 Simulacrum               Ice/Necr       22%        N/A       14%         6
 Animate Armour           Summ/Erth      20%        N/A       26%         4
 Yara's Violent Unravell  Hex/Tmut       10%        3d6       26%         5
 Iron Shot                Conj/Erth      13%        9d3       58%         6
 Orb of Destruction       Conj           22%        9d8       61%         7
 Dragon Form              Tmut           15%        N/A       94%         7
 Polar Vortex             Ice            34%        N/A       95%         9
 Summon Cactus Giant      Summ           5%         N/A       98%         6
 Spellforged Servitor     Conj/Summ      13%        N/A       98%         7
 Enfeeble                 Hex            5%         N/A       100%        7
 Lehudib's Crystal Spear  Conj/Erth      13%        10d5      100%        8


Dungeon Overview and Level Annotations

Branches:
Dungeon (15/15)            Temple (1/1) D:6            Lair (5/5) D:11
 Shoals (0/4) Lair:3       Spider (2/4) Lair:3        Slime (0/5) Lair:4
    Orc (2/2) D:9             Elf (0/3) Orc:2        Vaults (0/5) D:14
 Depths (0/4) D:15        Ossuary (visited)          Bailey (visited)

Altars:
Ashenzari
Cheibriados
Dithmenos
Elyvilon
Fedhas
Gozag
Hepliaklqana
Kikubaaqudgha
Makhleb
Nemelex Xobeh
Okawaru
Qazlal
Ru
Sif Muna
Trog
Uskayaw
Vehumet
Wu Jian
Xom
Yredelemnul
Zin
The Shining One

Shops:
D:2 !   D:6 :   Orc:1 [   Orc:2 ((*!

Annotations:
Lair:4 exclusion: 4 oklob plants


Innate Abilities, Weirdness & Mutations

((You are very nimble when in or above water. (Stealth+, EV+, Speed+++)))
Your lower body shifts to a powerful aquatic tail in water.
You have a pair of small antennae on your head.
You are partially covered in iridescent scales. (AC +2)
You possess an exceptional clarity of mind.
You are clumsy. (Dex -2)
Your movements are slightly less encumbered by armour. (ER -2)


Message History

The jumping spider leaps!
You are too injured to fight recklessly!
You are too injured to fight recklessly!
Reach: q) +7 scythe (venom)
Press: ? - help, Dir - move target, f - entropy weaver simulacrum
Aim: an entropy weaver simulacrum (lightly damaged, ally target, about 22% to evade your +7 scythe of venom)
You reach to attack!
You closely miss the entropy weaver simulacrum.
The entropy weaver simulacrum is lightly damaged.
Your juvenile oxsting beast hits the entropy weaver simulacrum but does no damage.
Your juvenile oxsting beast tramples the entropy weaver simulacrum.
The entropy weaver simulacrum stumbles backwards!
Reach: q) +7 scythe (venom)
Press: ? - help, Dir - move target, f - you, p - entropy weaver simulacrum That would be overly suicidal.
Okay, then.
Unknown command.
The entropy weaver simulacrum hits your juvenile oxsting beast.
The entropy weaver simulacrum freezes your juvenile oxsting beast!!
Your juvenile oxsting beast resists.
The entropy weaver simulacrum barely misses your juvenile oxsting beast.
The entropy weaver simulacrum hits your juvenile oxsting beast!
The entropy weaver simulacrum freezes your juvenile oxsting beast!
Your juvenile oxsting beast resists.
Your juvenile oxsting beast dies!
Your juvenile oxsting beast's corpse disappears in a puff of smoke!
Unknown command.
Your icy armour will break if you move.
Continue?
Your icy armour cracks and falls away as you move.
The entropy weaver simulacrum hits you but does no damage.
The entropy weaver simulacrum closely misses you. x2
The entropy weaver simulacrum hits you.
The entropy weaver simulacrum freezes you!!
* * * LOW HITPOINT WARNING * * *
There is a stone staircase leading up here.
The entropy weaver simulacrum misses you.
The entropy weaver simulacrum hits you.
* * * LOW HITPOINT WARNING * * *
The entropy weaver simulacrum freezes you!!!
You die...

.........^...............^#...
†#..#......(...>.............###
#..^...................†..##....
.^......#..#......<....†........
.<##....^..#...#..#..$....^..#..
.††.......###.....#.....#.......
#..#..#..###...#..#..#..........
.#.................s.....#..^.#.,
..†.............@Z.....#.....^..
#.......^.#....^.#............#.
##......^.....#...#..####..#....~
##...#.#.........^#.... ..# ..#
###.....##................>.. #
##.....#.....##......##..#. ,*
#.......#..).....###~≈ ,
##.#........#^.... #≈ , ##.......
* ,


You could see a jumping spider and an entropy weaver simulacrum.

Vanquished Creatures
  An emperor scorpion (Spider:1)
  Nessos (D:15)
  2 entropy weavers
  Snorg (D:10)
  The ghost of vianneychevalier the Basher, a journeyman MiFi of Uskayaw (Orc:2)
  2 ice dragons (D:15)
  5 hydras
  2 boulder beetles
  Erica (D:8)
  4 vault guards (D:14)
  A radroach (Spider:2)
  2 catoblepae
  4 two-headed ogres
  A death knight (D:15)
  17 death yaks
  5 orc high priests (Orc:2)
  A tengu warrior (D:13)
  Nergalle (Lair:2)
  A deep elf knight (D:14)
  Sonja (Orc:1)
  2 sun moths (Spider:2)
  3 pharaoh ants (Spider:2)
  Lodul (D:10)
  A spectral death yak (Lair:5)
  A spectral anaconda (Lair:5)
  2 deep trolls (D:10)
  5 steelbarb worms
  2 orb spiders (Spider:1)
  An obsidian statue (Lair:5)
  10 orc knights
  A wizard (D:14)
  Pikel (D:5)
  4 necromancers (Lair:5)
  4 orc sorcerers
  7 ugly things
  10 wolf spiders
  2 manticores (D:15)
  10 elephants
  2 moths of wrath (Spider:2)
  4 cyclopes
  Maurice (D:8)
  2 black mambas
  3 merfolk sirens (Lair:3)
  A dire elephant zombie (Lair:5)
  12 cane toads
  2 torpor snails
  3 demonic crawlers
  Psyche (D:10)
  A gargoyle (D:14)
  A kobold demonologist (D:14)
  A dire elephant skeleton (Lair:5)
  8 komodo dragons
  2 rime drakes
  5 tengu conjurers
  A yaktaur (D:14)
  11 trolls
  A polar bear (Lair:2)
  A merfolk (Lair:3)
  3 meliai
  2 hornets
  5 tarantellas
  2 spectral elephants (Lair:5)
  6 blink frogs
  6 slime creatures (D:12)
  12 jumping spiders
  2 shadows (D:10)
  Sigmund (D:2)
  6 wyverns
  3 wraiths
  26 yaks
  Eustachio (D:6)
  9 culicivoras
  A vampire (D:13)
  5 basilisks
  25 redbacks
  2 vampire mosquitoes (D:15)
  3 steam dragons
  Menkaure (D:6)
  3 wargs
  Duvessa (D:6)
  An acid dragon (D:10)
  2 ice beasts
  11 water moccasins
  34 orc warriors
  An elephant zombie (Lair:5)
  2 sky beasts
  A black bear (D:7)
  A wolf (shapeshifter) (D:13)
  19 ogres
  23 wolves
  3 centaurs
  A phantom (D:4)
  A lemure (D:5)
  5 kobold brigands
  9 bullfrogs
  A necrophage (D:5)
  5 gnoll sergeants
  8 scorpions
  11 wights
  Dowan (D:6)
  An elephant simulacrum (Lair:5)
  16 killer bees
  5 electric eels (D:10)
  4 howler monkeys
  5 centaur zombies (Ossuary)
  4 hounds
  29 orc priests
  2 jellies
  2 gnoll boudas
  Jessica (D:2)
  22 orc wizards
  5 iguanas
  4 hell rats (Lair:5)
  7 mummies (Ossuary)
  Robin (D:2)
  11 adders
  20 gnolls
  A white imp (D:8)
  A howler monkey simulacrum (D:9)
  6 adder zombies (Ossuary)
  4 worms
  A dart slug (D:1)
  104 orcs
  5 bats
  9 endoplasms
  6 giant cockroaches
  A gnoll zombie (Ossuary)
  8 hobgoblins
  7 jackals
  4 quokkas
  13 ball pythons
  7 frilled lizards
  24 goblins
  3 goblin zombies (Ossuary)
  5 hobgoblin zombies (Ossuary)
  39 kobolds
  3 kobold zombies (Ossuary)
  An orc zombie (Ossuary)
  3 quokka zombies (Ossuary)
  5 rats
  3 rat zombies (Ossuary)
851 creatures vanquished.

Vanquished Creatures (collateral kills)
  An entropy weaver (Spider:2)
  A steelbarb worm (Spider:2)
  A demonic crawler (Spider:2)
3 creatures vanquished.

Vanquished Creatures (others)
  A wight (D:7)
  9 fungi
  20 plants
  35 withered plants (Lair:5)
65 creatures vanquished.

Grand Total: 919 creatures vanquished

Notes
Turn   | Place    | Note
-------+----------+-------------------------------------------
     0 | D:1      | Plorgh the Merfolk Ice Elementalist began the quest for the
                  | Orb.
     0 | D:1      | Reached XP level 1. HP: 13/13 MP: 3/3
   456 | D:1      | Reached XP level 2. HP: 13/19 MP: 5/5
   565 | D:1      | Reached skill level 5 in Ice Magic
  1328 | D:2      | Reached XP level 3. HP: 17/24 MP: 4/6
  1506 | D:2      | Noticed Robin
  1765 | D:3      | Learned a level 3 spell: Frozen Ramparts
  1871 | D:2      | Killed Robin
  2124 | D:2      | Reached XP level 4. HP: 20/30 MP: 7/7
  2126 | D:2      | Noticed Sigmund
  2371 | D:3      | Reached skill level 1 in Fighting
  2561 | D:2      | Learned a level 3 spell: Ozocubu's Armour
  2880 | D:3      | Found an ancient bone altar of Kikubaaqudgha.
  2881 | D:3      | Found a white marble altar of Elyvilon.
  2882 | D:3      | Found a bloodstained altar of Trog.
  2899 | D:2      | Noticed Jessica
  2907 | D:2      | Killed Jessica
  2908 | D:2      | Reached XP level 5. HP: 23/41 MP: 1/8
  3129 | D:2      | Found Peto's Distillery.
  3538 | D:2      | Killed Sigmund
  3539 | D:2      | Reached XP level 6. HP: 18/48 MP: 1/11
  4225 | D:3      | Found a faded altar of an unknown god.
  4330 | D:3      | Found a hazy altar of Hepliaklqana.
  4585 | D:4      | Noticed an ice beast
  4596 | D:4      | Gained mutation: Your movements are slightly less
                  | encumbered by armour. (ER -2) [potion of mutation]
  4596 | D:4      | Gained mutation: You are clumsy. (Dex -2) [potion of
                  | mutation]
  4596 | D:4      | Gained mutation: You have hidden genetic potential. [potion
                  | of mutation]
  4596 | D:4      | Gained mutation: You have a pair of small antennae on your
                  | head. [potion of mutation]
  4602 | D:4      | Killed an ice beast
  4603 | D:4      | Reached XP level 7. HP: 32/54 MP: 10/13
  4952 | D:4      | Gained mutation: You possess an exceptional clarity of
                  | mind. [hidden potential]
  5498 | D:4      | Reached skill level 5 in Fighting
  5503 | D:4      | Reached XP level 8. HP: 35/62 MP: 14/14
  5823 | D:5      | Entered Level 5 of the Dungeon
  6220 | D:5      | Identified the +4 leather armour "Xemi" {rPois MP+9 Str+7
                  | Stlth-}
  6386 | D:5      | Gained mutation: You are partially covered in iridescent
                  | scales. (AC +2) [hidden potential]
  6386 | D:5      | Lost mutation: You have hidden genetic potential. [hidden
                  | potential expressed]
  6509 | D:5      | Reached skill level 3 in Dodging
  6512 | D:5      | Reached skill level 4 in Dodging
  6867 | D:5      | Noticed Pikel
  6881 | D:5      | Killed Pikel
  6882 | D:5      | Reached skill level 5 in Dodging
  6882 | D:5      | Reached XP level 9. HP: 68/72 MP: 15/15
  7023 | D:5      | Found a burning altar of Makhleb.
  7131 | D:6      | Noticed Dowan
  7133 | D:6      | Noticed Duvessa
  7135 | D:6      | Killed Dowan
  7140 | D:6      | Killed Duvessa
  7141 | D:6      | Reached skill level 10 in Ice Magic
  7141 | D:6      | Reached skill level 1 in Polearms
  7277 | D:6      | Found a sacrificial altar of Ru.
  7433 | D:6      | Reached skill level 5 in Polearms
  7777 | D:6      | Noticed Menkaure
  7782 | D:6      | Killed Menkaure
  7823 | D:6      | You fall into a shaft and drop 3 floors!
  8016 | D:8      | Noticed Maurice
  8038 | D:8      | Killed Maurice
  8039 | D:8      | Reached skill level 6 in Dodging
  8039 | D:8      | Reached XP level 10. HP: 66/79 MP: 16/16
  8179 | D:8      | Found a flagged portal.
  8189 | Bailey   | Entered a bailey
  8201 | Bailey   | Learned a level 4 spell: Hailstorm
  8204 | Bailey   | Learned a level 2 spell: Wereblood
  8360 | Bailey   | Reached skill level 7 in Dodging
  8438 | Bailey   | Reached skill level 8 in Dodging
  9242 | D:7      | Identified a scroll of acquirement
  9242 | D:7      | Acquired 1167 gold pieces
  9451 | D:7      | Found a sand-covered staircase.
  9457 | Ossuary  | Entered an ossuary
  9903 | D:7      | Found a radiant altar of Vehumet.
  9956 | D:7      | Reached skill level 10 in Fighting
 10369 | D:7      | Reached skill level 9 in Dodging
 10996 | D:6      | Found Emiwas's Book Shop.
 11031 | D:6      | Bought a manual of Dodging for 800 gold pieces
 11031 | D:6      | Bought a book of Ice for 460 gold pieces
 11040 | D:6      | Reached skill level 10 in Dodging
 11047 | D:6      | Noticed Eustachio
 11048 | D:6      | Found a staircase to the Ecumenical Temple.
 11073 | D:6      | Killed Eustachio
 11074 | D:6      | Reached XP level 11. HP: 90/90 MP: 17/17
 11087 | Temple   | Entered the Ecumenical Temple
 11117 | Temple   | Became a worshipper of Ashenzari the Shackled
 11568 | D:8      | Reached skill level 5 in Spellcasting
 11940 | D:8      | Noticed Erica
 11957 | D:8      | Killed Erica
 12177 | D:9      | Identified the +0 robe of Spite {+Blink Fly rC- Will+++}
 12593 | D:9      | Found a shadowy altar of Dithmenos.
 12663 | D:9      | Found a staircase to the Orcish Mines.
 12863 | D:9      | Found a stormy altar of Qazlal.
 12987 | D:10     | Entered Level 10 of the Dungeon
 13001 | D:10     | Found a shimmering altar of Xom.
 13036 | D:10     | Found a blossoming altar of Fedhas.
 13130 | D:10     | Noticed a two-headed ogre
 13141 | D:10     | Killed a two-headed ogre
 13501 | D:10     | Noticed a deep troll
 13501 | D:10     | Noticed a deep troll
 13510 | D:10     | Killed a deep troll
 13514 | D:10     | Killed a deep troll
 13531 | D:10     | Found the amulet of Vitality {RegenMP++ Regen++}
 13673 | D:10     | Found an iron altar of Okawaru.
 13677 | D:10     | Noticed Psyche
 13685 | D:10     | Killed Psyche
 13686 | D:10     | Reached skill level 11 in Dodging
 13774 | D:10     | Noticed Lodul
 13862 | D:10     | Noticed Snorg
 13885 | D:10     | Killed Snorg
 13886 | D:10     | Reached skill level 12 in Dodging
 14204 | D:10     | Reached XP level 12. HP: 87/97 MP: 22/22
 14206 | D:10     | Killed Lodul
 14207 | D:10     | Reached skill level 13 in Dodging
 14241 | D:10     | Reached skill level 14 in Dodging
 14614 | D:11     | Reached skill level 15 in Dodging
 14642 | D:11     | Noticed a two-headed ogre
 14657 | D:11     | Killed a two-headed ogre
 14697 | D:11     | Reached skill level 10 in Polearms
 14697 | D:11     | Found a staircase to the Lair.
 15109 | D:11     | Found a sparkling altar of Nemelex Xobeh.
 15245 | Lair:1   | Entered Level 1 of the Lair of Beasts
 15402 | Lair:1   | Identified the +7 whip "Unikhun" {vorpal, *Rage rC+ Str+2
                  | Dex+2}
 15445 | Lair:1   | Noticed a death yak
 15446 | Lair:1   | Noticed a death yak
 15446 | Lair:1   | Noticed a death yak
 15446 | Lair:1   | Noticed a death yak
 15446 | Lair:1   | Noticed a death yak
 15447 | Lair:1   | Noticed a death yak
 15492 | D:11     | Killed a death yak
 15518 | D:11     | Killed a death yak
 15568 | D:11     | Killed a death yak
 15604 | D:11     | Killed a death yak
 15608 | D:11     | Killed a death yak
 15609 | D:11     | Reached XP level 13. HP: 54/104 MP: 23/23
 16830 | Lair:2   | Noticed Nergalle
 16832 | Lair:2   | Reached skill level 16 in Dodging
 16850 | Lair:2   | Killed Nergalle
 17384 | Lair:3   | Reached skill level 17 in Dodging
 17442 | Lair:3   | Found a staircase to the Shoals.
 17503 | Lair:3   | Found a hole to the Spider Nest.
 17519 | Lair:3   | Reached skill level 18 in Dodging
 18242 | Lair:4   | Reached skill level 19 in Dodging
 18331 | Lair:4   | Reached skill level 20 in Dodging
 18726 | Lair:4   | You are sucked into a shaft and drop 1 floor!
 18726 | Lair:5   | Entered Level 5 of the Lair of Beasts
 19002 | Lair:4   | Reached XP level 14. HP: 115/115 MP: 24/24
 19490 | Lair:4   | Found a staircase to the Slime Pits.
 19765 | Lair:5   | Reached * piety under Ashenzari
 20053 | Lair:4   | Learned a level 5 spell: Freezing Cloud
 20057 | Lair:4   | Learned a level 3 spell: Stone Arrow
 20427 | Lair:5   | Found a snail-covered altar of Cheibriados.
 20532 | Lair:5   | Identified the +11 crystal plate armour of the Blue God
                  | {Int-4 Dex+4}
 20759 | Lair:5   | Reached skill level 21 in Dodging
 20799 | Lair:5   | Reached skill level 1 in Conjurations
 20901 | Lair:5   | Reached skill level 1 in Air Magic
 21611 | D:12     | Reached skill level 15 in Ice Magic
 21778 | D:12     | Reached ** piety under Ashenzari
 23106 | D:14     | Reached XP level 15. HP: 124/124 MP: 27/27
 23421 | D:14     | Found a shimmering altar of Xom.
 23424 | D:14     | Found a shimmering altar of Xom.
 23771 | D:14     | Found a gate to the Vaults.
 24297 | D:15     | Entered Level 15 of the Dungeon
 24315 | D:15     | Noticed Nessos
 24322 | D:15     | Killed Nessos
 24964 | D:15     | Found a staircase to the Depths.
 25455 | Orc:1    | Entered Level 1 of the Orcish Mines
 25542 | Orc:1    | Found Juilit's Antique Armour Boutique.
 25594 | Orc:1    | Noticed Sonja
 25614 | Orc:1    | Killed Sonja
 25790 | Orc:2    | Entered Level 2 of the Orcish Mines
 25829 | Orc:2    | Found a transporter.
 25832 | Orc:2    | Noticed vianneychevalier's ghost (journeyman MiFi)
 25983 | Orc:2    | Found a transporter.
 26036 | Orc:2    | Found a staircase to the Elven Halls.
 26580 | Orc:2    | Reached skill level 1 in Transmutations
 26697 | Orc:2    | Found Tabbabruth's Distillery.
 26697 | Orc:2    | Found Heczuw's General Store.
 26698 | Orc:2    | Found Yklythyi's Weapon Shoppe.
 26698 | Orc:2    | Found Litzem's Weapon Emporium.
 26871 | Orc:2    | Paralysed by an orc sorcerer for 4 turns
 26898 | Orc:2    | Killed vianneychevalier's ghost
 27174 | Spider:1 | Entered Level 1 of the Spider Nest
 27390 | Spider:1 | Reached XP level 16. HP: 103/137 MP: 29/29
 27434 | Spider:1 | Reached skill level 1 in Armour
 28696 | Spider:2 | Reached skill level 5 in Conjurations
 29125 | Spider:2 | Slain by an entropy weaver simulacrum

Illustrated notes

Levels and vault maps discovered:
D:1:      minmay_arrival_three_doors, layout_basic, minivault_4
D:2:      layout_rooms, serial_shops, nicolae_square_shop, uniq_sigmund,
          uniq_jessica, uniq_robin
D:3:      layout_rooms, mainiacjoe_overflow_alcove_3,
          shapermc_ecumenical_altar_ellora
D:4:      layout_basic, minmay_bent
D:5:      layout_basic, lemuel_coloured_pillars_altar, kennysheep_windowed_goal,
          uniq_pikel
D:6:      layout_basic, nicolae_ru_great_annihilating_truth,
          minmay_temple_entry_wispy, serial_shops, nicolae_shop_waterfront,
          kennysheep_pointless_box, uniq_eustachio, uniq_duvessa, uniq_menkaure
D:7:      layout_cave_pools, fiery_altar_vehumet,
          nicolae_ossuary_entry_monument, kennysheep_cluttered_room,
          nzn_random_ring
D:8:      layout_basic, enter_bailey_7, uniq_maurice, uniq_erica
D:9:      layout_small_grid, lemuel_crystal_altar, general_overflow_altar,
          hiddenorc1_lemuel, small_chamber_with_monster,
          minmay_misc_feat_nine_boxes
D:10:     layout_basic, mainiacjoe_overflow_boulevard,
          mainiacjoe_overflow_concentric_impassable,
          nicolae_overflow_crystal_walls, palyth_stone_intersect,
          wad_floor_pattern_untrapped, hangedman_decor_push,
          hellmonk_guarded_unrand_vitality_bloodlust, uniq_snorg, uniq_psyche,
          uniq_lodul
D:11:     lemuel_troll_bridge, layout_rooms, minmay_crystal_room,
          nemelex_altar_shiori
D:12:     layout_gridville, kennysheep_cross_bottleneck
D:13:     layout_grid_maze
D:14:     layout_irregular_city, grunt_vaults_entry_fortified, xom_redecorated
D:15:     grunt_enter_depths_hoard, layout_irregular_city, uniq_nessos
Temple:   hellmonk_temple_rainy
Lair:1:   layout_cellular_growth, beast_lair_carwin_9, grunt_megastairs_4,
          infiniplex_staircase_pool
Lair:2:   layout_gridlike, infiniplex_staircase_pool_2, uniq_nergalle
Lair:3:   layout_cave_pods, elwin_shoals_entry_stream,
          nicolae_spider_entry_non_spiders
Lair:4:   layout_loops_ring, minmay_slime_entry_oklob_open, lemuel_fruit_tree
Lair:5:   due_jungle_book, layout_long_grid, basic_altar
Spider:1: layout_chambers
Spider:2: layout_spider_delve
Orc:1:    layout_diamond_mine, serial_shops, nicolae_shop_window_shopping,
          abandoned_shop, uniq_sonja
Orc:2:    st_orc_pillars, layout_caves, gammafunk_ghost_arena

Skill      XL: |  1  2  3  4  5  6  7  8  9 10 11 12 13 14 15 16 |
---------------+-------------------------------------------------+-----
Ice Magic      | 5 6 8 9 10 12 13 15 16 | 16.6
Fighting       | 3 4 5 7 10 12 14 | 14.8
Spellcasting   | 3 4 7 8 |  8.7
Dodging        | 5 6 10 12 15 20 21 | 21.0
Polearms       | 9 14 | 14.2
Conjurations   | 2 3 6 |  6.7
Air Magic      | 3 |  3.0
Stealth        | 3 |  3.0
Transmutations | 3 |  3.8
Armour         | 2 |  2.9

Action                   |  1- 3 |  4- 6 |  7- 9 | 10-12 | 13-15 | 16-18 || total
-------------------------+-------+-------+-------+-------+-------+-------++-------
Melee: Short sword       |    67 |    22 |       |       |       |       ||    89
       Falchion          |       |    32 |       |       |       |       ||    32
       Halberd           |       |    52 |   207 |   696 |  1442 |   290 ||  2687
       Tailslap          |       |       |       |     1 |       |       ||     1
 Cast: Freeze            |    30 |     9 |       |       |     6 |       ||    45
       Frozen Ramparts   |     2 |     7 |    15 |    27 |    20 |     7 ||    78
       Ozocubu's Armour  |       |     4 |    13 |    31 |    34 |     4 ||    86
       Hailstorm         |       |       |       |     5 |     3 |       ||     8
       Stone Arrow       |       |       |       |       |     1 |       ||     1
       Freezing Cloud    |       |       |       |       |    24 |    19 ||    43
       Wereblood         |       |       |       |       |     1 |       ||     1
Invok: Curse Item        |       |       |       |       |     3 |       ||     3
Evoke: Wand              |       |       |       |     7 |    23 |     1 ||    31
       Lightning rod     |       |       |       |       |     6 |       ||     6
       Tin of tremorston |       |       |       |       |     4 |       ||     4
       Box of beasts     |       |       |       |       |     2 |     1 ||     3
  Use: Scroll            |     1 |       |     7 |    10 |    13 |     1 ||    32
       Potion            |       |     3 |       |       |    10 |     2 ||    15
 Stab: Sleeping          |     1 |     3 |       |     1 |       |       ||     5
       Distracted        |       |     1 |       |     2 |       |       ||     3
       Paralysed         |       |       |     1 |       |     6 |     4 ||    11
Armor: Robe              |    14 |    35 |    15 |       |       |       ||    64
       Leather armour    |       |       |    50 |   230 |   372 |   128 ||   780
Dodge: Dodged            |    67 |    94 |   129 |   567 |  1170 |   342 ||  2369
